 Dungeon Crawl Stone Soup version 0.31-a0-210-gccc998df9b (webtiles) character file.

Game seed: 15993150187267545940

144 innerfire43 the Chopper (level 5, -4/42 HPs)
             Began as a Demonspawn Monk on June 29, 2023.
             Splashed by a jelly's acid (9 damage)
             ... on level 4 of the Dungeon.
             The game lasted 00:02:33 (2278 turns).

innerfire43 the Chopper (Demonspawn Monk)           Turns: 2278, Time: 00:02:34

Health: -4/42      AC:  0    Str: 13    XL:     5   Next: 5%
Magic:  5/5        EV: 18    Int: 12    God:
Gold:   275        SH:  0    Dex: 15    Spells: 4/4 levels left

rFire   . . .        a - +0 hand axe
rCold   . . .        d - orb {light}
rNeg    . . .        b - +0 robe
rPois   .            (helmet restricted)
rElec   .            (no cloak)
rCorr   .            (no gloves)
SInv    .            (no boots)
Will    .....        m - amulet of regeneration
Stlth   +            h - +5 ring of evasion
HPRegen 1.07/turn    (no ring)
MPRegen 0.09/turn

%: no passive effects
@: corroded, sanguine armoured, glowing
A: antennae 1, sanguine armour 1, demonic magic 1
a: no special abilities


You were on level 4 of the Dungeon.
You visited 1 branch of the dungeon, and saw 4 of its levels.

You collected 275 gold pieces.

Inventory:

Hand Weapons
 a - a +0 hand axe (weapon)
Armour
 b - a +0 robe (worn)
 d - an orb of light (worn)
Jewellery
 h - a +5 ring of evasion (left hand)
 m - an amulet of regeneration (around neck)
Wands
 j - a wand of flame (17)
 l - a wand of paralysis (2)
Scrolls
 g - a scroll of identify
 k - a scroll of fog
 n - a scroll of revelation
 r - a scroll of immolation {unknown}
 s - a scroll of amnesia {unknown}
Potions
 c - a potion of ambrosia
 e - a potion of enlightenment {unknown}
 f - a potion of heal wounds {unknown}
 i - a potion of berserk rage {unknown}
 o - a potion of resistance {unknown}
 p - 2 potions of curing {unknown}
 q - a potion of degeneration {unknown}


   Skills:
 + Level 3.8 Fighting
 * Level 4.2 Axes
 + Level 3.4 Dodging


You had 4 spell levels left.
You didn't know any spells.
Your spell library contained the following spells:

 Spells                   Type           Power      Damage    Failure   Level
 Beastly Appendage        Tmut           0%         N/A       32%         1
 Wereblood                Tmut           0%         N/A       45%         2
 Spider Form              Tmut/Pois      0%         N/A       69%         3


Dungeon Overview and Level Annotations

Branches:
Dungeon (4/15)
 Temple: D:4-7

Altars:

Shops:
D:2 =


Innate Abilities, Weirdness & Mutations

You have a pair of small antennae on your head.
When seriously injured, your blood forms armour. (AC +6)
Spells you cast may paralyse adjacent enemies.


Message History

The dart slug launches a dart at you. The slug dart hits you.
You hit the jelly but do no damage.
Your hands burn!
The jelly is lightly wounded.
The jelly misses you.
You hit the jelly.
Your hands burn!
Your blood congeals into armour.
The jelly is moderately wounded.
The jelly barely misses you.
You hit the jelly. The acid corrodes you!
Your hands burn!
The jelly is moderately wounded.
The dart slug briefly extends its eye-stalks.
The jelly completely misses you.
You hit the jelly.
Your hands burn!
The jelly is moderately wounded.
You hit the dart slug. The jelly hits you but does no damage.
The dart slug closely misses you.
You hit the jelly.
Your hands burn!
The jelly is severely wounded.
You hit the dart slug but do no damage. The jelly barely misses you.
The dart slug closely misses you.
You are too injured to fight recklessly!
Unknown command.
You are too injured to fight recklessly!
Unknown command.
You are too injured to fight recklessly!
You hit the jelly but do no damage.
Your hands burn!
The jelly is severely wounded.
You hit the dart slug but do no damage. The jelly hits you but does no damage.
You hit the jelly but do no damage. The acid corrodes you!
Your hands burn!
The jelly is severely wounded.
You hit the dart slug. The jelly hits you.
You are splashed with acid!
* * * LOW HITPOINT WARNING * * *
The dart slug misses you.
You hit the jelly but do no damage.
Your hands burn!
* * * LOW HITPOINT WARNING * * *
The jelly is severely wounded.
You hit the dart slug but do no damage. The jelly hits you.
* * * LOW HITPOINT WARNING * * *
You are splashed with acid!
You die...

#.# #.#
#.# #.#
#.#
####+#'##
.....!...#
.........+
.......w@#
..).....J#
.........#
.......(..
.........#
........#
........#
.$......#


You could see a jelly and a dart slug.

Vanquished Creatures
  A hound (D:3)
  5 adders
  A dart slug (D:2)
  3 bats
  11 endoplasms
  2 giant cockroaches (D:1)
  8 goblins
  6 hobgoblins
  4 jackals (D:3)
  4 quokkas
  4 ball pythons
  2 frilled lizards (D:2)
  5 kobolds
  4 rats
60 creatures vanquished.

Notes
Turn   | Place    | Note
-------+----------+-------------------------------------------
     0 | D:1      | innerfire43 the Demonspawn Monk began the quest for the
                  | Orb.
     0 | D:1      | Reached XP level 1. HP: 18/18 MP: 1/1
    73 | D:1      | Reached skill level 3 in Axes
   102 | D:1      | Gained mutation: Spells you cast may paralyse adjacent
                  | enemies. [demonic ancestry]
   102 | D:1      | Reached XP level 2. HP: 22/24 MP: 2/2
   828 | D:2      | Found Fuphineq's Jewellery Shoppe.
   845 | D:2      | Reached XP level 3. HP: 20/29 MP: 3/3
  1190 | D:2      | Gained mutation: You have a pair of small antennae on your
                  | head. [demonic ancestry]
  1190 | D:2      | Reached XP level 4. HP: 29/35 MP: 4/4
  1848 | D:3      | Reached skill level 4 in Axes
  1974 | D:3      | Gained mutation: When seriously injured, your blood forms
                  | armour. (AC +6) [demonic ancestry]
  1974 | D:3      | Reached XP level 5. HP: 42/42 MP: 5/5
  2278 | D:4      | Splashed by a jelly's acid

Illustrated notes

Levels and vault maps discovered:
D:1:      minmay_arrival_four_circles, layout_basic
D:2:      minmay_angry_zag, layout_basic, serial_shops,
          nicolae_shop_tiny_statue_garden, minmay_pentomino_z2
D:3:      layout_basic, serial_park_tiny_pond
D:4:      layout_basic, okawaru_ov_weapons_minmay, mainiacjoe_overflow_catwalk,
          minmay_temple_entry_glass

Skill      XL: |  1  2  3  4 |
---------------+-------------+-----
Axes           | 3 4 |  4.2
Dodging        | 3 |  3.4
Fighting       | |  3.8

Action                     |  1- 3 |  4- 6 || total
---------------------------+-------+-------++-------
  Melee: Hand axe          |   119 |    84 ||   203
    Use: Scroll            |       |     3 ||     3
 Armour: Robe              |    15 |    11 ||    26
  Dodge: Dodged            |    88 |    75 ||   163

Table legend: (Time is in decaauts)
 A = Elapsed time spent in this place.
 B = Non-inter-level travel time spent in this place.
 C = Inter-level travel time spent in this place.
 D = Time resting spent in this place.
 E = Time spent auto-exploring this place.
 F = Levels seen in this place.
 G = Mean time per level.
                   A        B        C        D        E       F      G
               +--------+--------+--------+--------+--------+-----+--------+
         Total |   2301 |   2223 |     78 |      0 |   1770 |   4 |  575.2 |
       Dungeon |   2301 |   2223 |     78 |      0 |   1770 |   4 |  575.2 |
               +--------+--------+--------+--------+--------+-----+--------+

Top non-repeatable levels by time:
     D:1: 761 daAuts
     D:2: 714 daAuts
     D:3: 586 daAuts
     D:4: 238 daAuts
